Map: [ESL] Site Delta

Players

DnS

  • Race: Protoss Protoss
  • Spawn Location: 5:00

MaNa - Winner!

  • Race: Protoss Protoss
  • Spawn Location: 11:00

Event: ESL SC2 Masters 2023 Winter (Finals)

VOD

Have the link to the VOD?

Description

Time

  • Played on: Dec. 15, 2023, 10:34 a.m.
  • Length: 11:45

All games in this series

Show
View Real Time Build Order
Export as new Build Order

DnS Protoss 

Build Orders: Oracle Opening 

Get SALT Encoding   

  12  0:00  Probe  
  13  0:12  Probe  
  14  0:17  Pylon  
  14  0:24  Probe (Chrono Boost)  
  15  0:36  Probe (Chrono Boost)  
  15  0:37  Gateway  
  16  0:45  Probe (Chrono Boost)  
  16  0:46  Assimilator  
  17  0:51  Probe  
  17  0:56  Assimilator  
  18  1:03  Probe (Chrono Boost)  
  19  1:08  Gateway  
  20  1:12  Probe (Chrono Boost)  
  20  1:17  Probe (Chrono Boost)  
  21  1:26  Cybernetics Core  
  21  1:29  Probe  
  22  1:34  Pylon  
  22  1:41  Probe  
  22  1:45  Pylon  
  23  2:03  Probe, Stalker x2  
  23  2:04  Warp Gate  
  28  2:15  Pylon  
  28  2:16  Probe  
  29  2:23  Pylon  
  29  2:28  Probe  
  30  2:35  Stargate  
  30  2:41  Probe  
  31  2:53  Probe  
  31  3:07  Nexus  
  31  3:12  Shield Battery  
  31  3:13  Probe  
  32  3:21  Oracle (Chrono Boost)  
  32  3:26  Probe  
  36  3:37  Pylon  
  36  3:38  Probe  
  37  3:51  Twilight Council  
  37  3:56  Stalker, Probe  
  40  4:03  Stalker  
  40  4:08  Probe  
  43  4:20  Blink (Chrono Boost)  
  43  4:23  Probe (Chrono Boost)  
  43  4:24  Probe (Chrono Boost)  
  43  4:35  Probe (Chrono Boost)  
  45  4:39  Probe (Chrono Boost)  
  45  4:40  Stalker  
  45  4:42  Probe (Chrono Boost)  
  45  4:43  Stalker  
  50  4:46  Probe (Chrono Boost)  
  52  4:54  Probe x2 (Chrono Boost)  
  52  4:56  Pylon  
  53  5:01  Probe  
  53  5:02  Probe  
  55  5:08  Gateway  
  55  5:10  Stalker x2  
  59  5:20  Gateway  
  56  5:23  Probe x2  
  56  5:26  Phoenix  
  60  5:31  Pylon  
  60  5:35  Probe x2  
  62  5:36  Stalker  
  62  5:38  Stalker  
  66  5:54  Nexus  
  66  5:57  Shield Battery  
  66  6:00  Probe  
  66  6:01  Pylon, Probe  
  68  6:06  Robotics Facility  
  68  6:12  Stalker  
  68  6:13  Stalker  
  68  6:16  Assimilator  
  72  6:20  Stalker  
  68  6:29  Stalker  
  68  6:32  Shield Battery  
  68  6:39  Probe  
  63  6:47  Stalker x2  
  65  6:50  Probe  
  68  6:55  Phoenix  
  71  7:02  Probe (Chrono Boost)  
  71  7:03  Probe (Chrono Boost)  
  71  7:05  Stalker  
  71  7:06  Probe (Chrono Boost)  
  75  7:11  Stalker  
  79  7:16  Probe (Chrono Boost)  
  79  7:17  Probe (Chrono Boost)  
  79  7:22  Stalker  
  78  7:29  Stalker x2  
  79  7:31  Probe x2  
  72  7:37  Stalker  
  65  7:49  Stalker  
  67  7:52  Probe  
  67  7:56  Probe  
  69  8:00  Stalker x2, Probe (Chrono Boost)  
  69  8:01  Stalker  
  77  8:05  Pylon  
  77  8:08  Forge, Probe x2 (Chrono Boost)  
  77  8:12  Stalker, Probe (Chrono Boost)  
  79  8:14  Observer  
  79  8:17  Pylon  
  79  8:18  Probe (Chrono Boost)  
  79  8:19  Probe (Chrono Boost)  
  85  8:20  Charge (Chrono Boost), Probe (Chrono Boost)  
  86  8:28  Probe  
  86  8:30  Gateway x2  
  86  8:31  Stalker  
  88  8:36  Stalker  
  88  8:40  Gateway  
  90  8:41  Gateway  
  90  8:42  Protoss Ground Weapons Level 1 (Chrono Boost)  
  90  8:52  Nexus  
  90  8:57  Stalker  
  90  8:58  Pylon  
  90  9:00  Probe x2  
  90  9:01  Probe  
  95  9:05  Stalker  
  95  9:08  Stalker  
  99  9:15  Stalker, Assimilator, Probe  
  102  9:21  Zealot  
  104  9:27  Shield Battery  
  104  9:29  Stalker x2  
  104  9:30  Zealot  
  104  9:31  Zealot  
  112  9:45  Immortal (Chrono Boost)  
  112  9:50  Pylon  
  112  9:52  Zealot x4  
  118  9:58  Pylon  
  118  9:59  Pylon  
  122  10:04  Zealot x4  
  122  10:13  Zealot x4  
  92  10:22  Shield Battery  
  92  10:27  Stalker x4  
  86  10:33  Zealot  
  86  10:34  Zealot x2  
  84  10:38  Immortal (Chrono Boost)  
  88  10:49  Stalker  
  90  10:51  Stalker x2  
  94  11:00  Zealot x2  
  94  11:04  Zealot x2  
  100  11:07  Zealot  
  92  11:12  Zealot  
  92  11:17  Zealot x2  
  74  11:26  Stalker x4  
  79  11:33  Stalker x2  
Show
View Real Time Build Order
Export as new Build Order

MaNa Protoss - Winner!

Build Orders: Oracle Opening 

Get SALT Encoding   

  12  0:00  Probe  
  13  0:12  Probe  
  14  0:17  Pylon  
  14  0:24  Probe (Chrono Boost)  
  15  0:36  Probe (Chrono Boost)  
  15  0:39  Gateway  
  16  0:45  Probe (Chrono Boost)  
  16  0:46  Assimilator  
  17  0:50  Probe  
  18  1:03  Probe (Chrono Boost)  
  19  1:04  Assimilator  
  19  1:12  Probe (Chrono Boost)  
  19  1:17  Probe (Chrono Boost)  
  20  1:22  Pylon  
  21  1:26  Cybernetics Core  
  21  1:29  Probe  
  22  1:40  Zealot  
  22  1:41  Probe  
  26  1:57  Probe  
  26  2:03  Stargate  
  26  2:07  Adept  
  28  2:09  Probe  
  28  2:12  Warp Gate  
  29  2:21  Pylon  
  29  2:26  Probe  
  29  2:37  Stalker  
  31  2:45  Oracle (Chrono Boost)  
  31  2:47  Probe  
  35  2:56  Shield Battery  
  35  2:59  Probe  
  36  3:11  Nexus  
  36  3:19  Pylon  
  36  3:26  Gateway  
  36  3:28  Probe  
  37  3:40  Probe (Chrono Boost)  
  38  3:45  Twilight Council  
  38  3:50  Shield Battery  
  38  3:52  Probe (Chrono Boost)  
  39  3:59  Probe (Chrono Boost)  
  39  4:00  Stalker  
  42  4:07  Probe  
  43  4:12  Phoenix  
  45  4:21  Probe  
  45  4:22  Blink (Chrono Boost)  
  43  4:29  Probe  
  44  4:34  Probe  
  45  4:41  Probe  
  45  4:44  Gateway  
  46  4:46  Probe  
  46  4:52  Gateway  
  47  4:53  Probe  
  46  5:01  Stalker  
  46  5:05  Probe x2  
  50  5:07  Stalker  
  52  5:17  Probe  
  52  5:18  Probe  
  54  5:29  Probe  
  54  5:30  Probe  
  54  5:31  Stalker x2, Pylon  
  60  5:39  Stalker  
  62  5:47  Pylon  
  62  5:55  Stalker x2  
  62  5:56  Stalker  
  68  6:02  Stalker  
  70  6:10  Nexus  
  66  6:30  Stalker x4  
  68  6:39  Probe x2  
  60  6:51  Probe x2  
  60  6:53  Stalker x4  
  70  6:57  Assimilator  
  70  7:03  Probe x2  
  72  7:12  Forge  
  72  7:15  Probe x2  
  72  7:16  Stalker x2  
  76  7:41  Probe  
  71  7:44  Probe  
  71  7:46  Protoss Ground Weapons Level 1 (Chrono Boost), Probe  
  71  7:50  Stalker x4  
  81  7:53  Probe  
  81  7:57  Probe  
  81  7:58  Charge (Chrono Boost), Probe  
  82  8:04  Gateway  
  82  8:05  Probe  
  82  8:07  Gateway  
  82  8:08  Gateway  
  82  8:09  Probe  
  85  8:16  Photon Cannon  
  85  8:18  Zealot x3  
  85  8:19  Zealot  
  92  8:21  Probe  
  93  8:28  Robotics Facility  
  93  8:32  Photon Cannon  
  93  8:44  Pylon  
  93  8:49  Pylon  
  93  8:52  Pylon  
  93  8:54  Shield Battery  
  93  8:58  Nexus  
  93  8:59  Pylon  
  93  9:05  Zealot x4  
  101  9:10  Stalker x2  
  101  9:11  Stalker  
  101  9:13  Warp Prism (Chrono Boost)  
  109  9:28  Zealot x4  
  117  9:40  Stalker x2  
  117  9:42  Pylon  
  117  9:44  Pylon  
  121  9:45  Pylon  
  118  10:04  Stalker x6  
  112  10:17  Zealot  
  96  10:27  Zealot x6, Warp Prism (Chrono Boost)  
  96  10:42  Probe x2  
  98  10:47  Zealot x7  
  112  10:53  Photon Cannon  
  112  10:55  Probe x2  
  112  10:56  Probe  
  115  10:57  Observer (Chrono Boost)  
  102  11:17  Stalker x4  
  102  11:18  Stalker x3  
  96  11:42  Zealot x7  
Tags
 
Add a new tag
Caveats
  • Supply blocks, unpowered buildings, or Contaminate may cause inaccurate times.
  • Supply counts are checked every 10 seconds.